[Event "GER-ch Youth-U10 2022"]
[Site "Willingen"]
[Date "2022.06.08"]
[Round "7.13"]
[White "Fadeev, Justin Michael"]
[Black "Heitmann, Erik"]
[Result "1-0"]
[ECO "B90"]
[WhiteElo "1320"]
[BlackElo "1287"]
[Annotator "NA RC COMBH"]
[PlyCount "153"]
[EventDate "2022.06.05"]
[EventType "swiss"]
[EventRounds "11"]
[EventCountry "GER"]
[SourceTitle "playchess.com"]
[Source "ChessBase"]
[SourceQuality "1"]
[TimeControl "40/4500+30:900+30"]

1. e4 c5 2. Nf3 d6 3. d4 cxd4 4. Nxd4 Nf6 5. Nc3 a6 6. Be3 e5 7. Nf3 Be7 8. Bc4 b5 9. Bd5 Nxd5 10. Qxd5 Qd7 11. Qxa8 Nc6 12. Nd5 Bd8 13. Nb6 Bxb6 14. Bxb6 O-O 15. O-O Bb7 16. Qxf8+ Kxf8 17. Rad1 Nb4 18. Rd2 Ke8 19. Rfd1 d5 20. a3 Nc6 21. exd5 Ne7 22. Nxe5 Qd6 23. Bc7 Qxc7 24. d6 Qd8 25. dxe7 Qxe7 26. Rd8+ Qxd8 27. Rxd8+ Kxd8 28. Nxf7+ Ke7 29. Ng5 h6 30. Nf3 Bxf3 31. gxf3 Kd6 32. Kf1 Ke5 33. Ke2 Kf4 34. b3 g5 35. h3 Ke5 36. Ke3 Kf5 37. c4 bxc4 38. bxc4 Ke5 39. Kd3 Kd6 40. Kd4 Kc6 41. c5 a5 42. a4 Kd7 43. Kd5 Kc7 44. c6 Kc8 45. Kc5 Kc7 46. Kb5 h5 47. Kc5 h4 48. Kd5 Kc8 49. Kd6 Kd8 50. c7+ Kc8 51. Kc5 Kxc7 52. Kb5 Kd6 53. Kxa5 Kc5 54. Ka6 Kb4 55. Kb6 Kxa4 56. Kc5 Kb3 57. Kd4 Kb4 58. Ke5 Kc5 59. Kf5 Kd5 60. Kxg5 Ke5 61. f4+ Ke6 62. Kxh4 Kf5 63. Kh5 Kxf4 64. Kg6 Ke5 65. h4 Ke6 66. h5 Ke7 67. Kg7 Ke6 68. h6 Kf5 69. h7 Kg5 70. h8=Q Kf5 71. Qh6 Kg4 72. Qf6 Kh3 73. Qg5 Kh2 74. Kf6 Kh1 75. Kf5 Kh2 76. Kf4 Kh1 77. Kf3 1-0

[Event "GER-ch Youth-U10 2022"]
[Site "Willingen"]
[Date "2022.06.08"]
[Round "7.14"]
[White "Chua, Daniel James"]
[Black "Van 't Hof, Eric"]
[Result "1/2-1/2"]
[ECO "C30"]
[WhiteElo "1314"]
[BlackElo "2081"]
[Annotator "TA"]
[PlyCount "48"]
[EventDate "2022.06.05"]
[EventType "swiss"]
[EventRounds "11"]
[EventCountry "GER"]
[SourceTitle "playchess.com"]
[Source "ChessBase"]
[SourceQuality "1"]
[TimeControl "40/4500+30:900+30"]

1. e4 e5 2. f4 Bc5 3. Nf3 d6 4. c3 Nc6 5. d4 exd4 6. cxd4 Bb6 $1 {[%emt 0:00:41] 6...Bb6 scores better than 6...Bb4+. C30: King's Gambit Declined.} 7. Nc3 Bg4 8. Bb5 (8. Be3 $11) 8... Bd7 (8... Bxf3 $15 {keeps the upper hand.} 9. gxf3 Qh4+ 10. Ke2 Nge7) 9. O-O $16 {[%emt 0:06:57] [#]} Nge7 $146 ({Predecessor:} 9... Nce7 10. Bc4 Nh6 11. f5 Neg8 12. h3 Qe7 13. Nd5 Qf8 14. a4 c6 15. Nxb6 axb6 {1-0 (35) Lasker,E-Ettlinger,A New York 1893}) 10. f5 Ne5 11. Bxd7+ ({White should play} 11. Ba4 $16) 11... Qxd7 $11 12. Kh1 ({Much weaker is} 12. Nxe5 dxe5 13. Qb3 Nc6 $17) 12... Nxf3 13. Rxf3 Nc6 (13... d5 $1 $11 {remains equal.}) 14. Be3 $16 O-O-O 15. a3 Rhe8 16. b4 Ne7 (16... f6 $142) 17. Qb3 {[%emt 0:04:02] White is more active.} ({White should try} 17. Qd3 $16) 17... f6 18. Rb1 (18. Rg3 $1 $11 {keeps the balance.} d5 19. Rxg7 dxe4 20. Rf1 (20. Nxe4 Qxf5 21. Ng3 Qd5 $11)) 18... d5 $17 19. a4 (19. Rg3 $17) 19... a6 $2 (19... dxe4 $19 20. Nxe4 Nxf5) 20. a5 Ba7 (20... dxe4 $11 {and Black is okay.} 21. Rh3 Bxd4) 21. b5 $18 {[%emt 0:02:03] [#] bxa6 is the strong threat.} b6 22. bxa6 dxe4 23. Nxe4 (23. Rff1 $142) 23... Qd5 {[%emt 0:02:03] [#]} 24. axb6 $2 (24. Qd3 $1 $18) 24... Bxb6 $2 {[%emt 0:03:24] Weighted Error Value: White=0.64/Black=0.81} (24... Qxb3 $1 $14 25. Rxb3 Bxb6) 1/2-1/2

[Event "GER-ch Youth-U10 2022"]
[Site "Willingen"]
[Date "2022.06.08"]
[Round "7.15"]
[White "Kutz, Paul Matti"]
[Black "Tak, Rannveer"]
[Result "1/2-1/2"]
[ECO "C14"]
[WhiteElo "1202"]
[BlackElo "1746"]
[Annotator "NA RC COMBH"]
[PlyCount "122"]
[EventDate "2022.06.05"]
[EventType "swiss"]
[EventRounds "11"]
[EventCountry "GER"]
[SourceTitle "playchess.com"]
[Source "ChessBase"]
[SourceQuality "1"]
[TimeControl "40/4500+30:900+30"]

1. e4 e6 2. d4 d5 3. Nc3 Nf6 4. Bg5 Be7 5. e5 Nfd7 6. h4 h6 7. Bxe7 Qxe7 8. Qg4 O-O 9. Bd3 a6 10. O-O-O c5 11. Rh3 c4 12. Be2 b5 13. Bf3 Bb7 14. Nce2 a5 15. Nf4 b4 16. Rg3 f6 17. Ng6 Qf7 18. Nxf8 Nxf8 19. Qh5 Qe7 20. Qxh6 f5 21. Qg5 Qc7 22. Be2 a4 23. h5 Nh7 24. Qg6 Nf8 25. Qf6 c3 26. h6 g6 27. Qg7+ Qxg7 28. hxg7 cxb2+ 29. Kxb2 Kxg7 30. f4 Nbd7 31. Nf3 Nb6 32. Nd2 Ba6 33. Bxa6 Rxa6 34. Rc1 Nc4+ 35. Nxc4 dxc4 36. c3 b3 37. axb3 axb3 38. Ra1 Rxa1 39. Kxa1 Nd7 40. Rf3 Nb6 41. Kb2 Nd5 42. g3 g5 43. Rf1 gxf4 44. gxf4 Kg6 45. Rg1+ Kh5 46. Rg5+ Kh4 47. Rg8 Nxf4 48. Rc8 Nd3+ 49. Kb1 f4 50. Rxc4 f3 51. d5+ Kg5 52. Rc8 exd5 53. e6 Kf6 54. Rf8+ Kxe6 55. Rxf3 Nc5 56. Rf8 Na4 57. Ra8 Nxc3+ 58. Kb2 d4 59. Kxb3 Kd5 60. Rd8+ Ke4 61. Rxd4+ Kxd4 1/2-1/2

[Event "GER-ch Youth-U10 2022"]
[Site "Willingen"]
[Date "2022.06.08"]
[Round "7.17"]
[White "Moskalenko, Michael"]
[Black "Rudolph, Simon"]
[Result "0-1"]
[ECO "D52"]
[WhiteElo "1266"]
[BlackElo "1361"]
[Annotator "NA RC COMBH"]
[PlyCount "64"]
[EventDate "2022.06.05"]
[EventType "swiss"]
[EventRounds "11"]
[EventCountry "GER"]
[SourceTitle "playchess.com"]
[Source "ChessBase"]
[SourceQuality "1"]
[TimeControl "40/4500+30:900+30"]

1. d4 d5 2. c4 e6 3. Nf3 Nf6 4. Bg5 Nbd7 5. e3 c6 6. cxd5 exd5 7. Nc3 Bb4 8. Bd3 Qa5 9. Qc2 O-O 10. O-O Re8 11. a3 Bd6 12. Rac1 a6 13. Rfe1 c5 14. Ne2 c4 15. Bf5 g6 16. Bxd7 Nxd7 17. Nf4 Be7 18. Bh6 Nf6 19. h4 Ng4 20. h5 Nxh6 21. hxg6 fxg6 22. Nxg6 Bf5 23. Nxe7+ Rxe7 24. Qd1 Rg7 25. Ne5 Rf8 26. Kh2 Ng4+ 27. Nxg4 Bxg4 28. Qc2 Bf5 29. Qd1 Qc7+ 30. Kh1 Be4 31. f3 Qg3 32. Qe2 Rxf3 0-1

[Event "GER-ch Youth-U10 2022"]
[Site "Willingen"]
[Date "2022.06.08"]
[Round "7.18"]
[White "Fels, Mattis"]
[Black "Andersen, Jonatan M"]
[Result "1-0"]
[ECO "D00"]
[WhiteElo "1395"]
[BlackElo "1857"]
[Annotator "NA RC COMBH"]
[PlyCount "63"]
[EventDate "2022.06.05"]
[EventType "swiss"]
[EventRounds "11"]
[EventCountry "GER"]
[SourceTitle "playchess.com"]
[Source "ChessBase"]
[SourceQuality "1"]
[TimeControl "40/4500+30:900+30"]

1. d4 d5 2. Nc3 Nf6 3. Bf4 c5 4. e3 a6 5. dxc5 Nc6 6. Na4 e5 7. Bg5 Bxc5 8. Bxf6 gxf6 9. Nxc5 Qa5+ 10. Qd2 Qxc5 11. O-O-O Bf5 12. Bd3 Bxd3 13. Qxd3 Nb4 14. Qb3 O-O-O 15. Nf3 Kb8 16. Rd2 Rhe8 17. Rhd1 e4 18. Nd4 Re7 19. a3 Nd3+ 20. Kb1 Ne5 21. Ne2 Red7 22. Nc3 Nc4 23. Rd4 Rd6 24. Qb4 Qxb4 25. axb4 Nb6 26. Nxe4 Re6 27. c4 Kc7 28. Nc3 Re5 29. c5 Nc8 30. Nxd5+ Kc6 31. Ne7+ Nxe7 32. Rxd8 1-0

[Event "GER-ch Youth-U10 2022"]
[Site "Willingen"]
[Date "2022.06.08"]
[Round "7.19"]
[White "Wagener, Nicolas"]
[Black "Svanidze, Alexander"]
[Result "1-0"]
[ECO "C54"]
[WhiteElo "1315"]
[BlackElo "1348"]
[Annotator "NA RC COMBH"]
[PlyCount "112"]
[EventDate "2022.06.05"]
[EventType "swiss"]
[EventRounds "11"]
[EventCountry "GER"]
[SourceTitle "playchess.com"]
[Source "ChessBase"]
[SourceQuality "1"]
[TimeControl "40/4500+30:900+30"]

1. e4 e5 2. Nf3 Nc6 3. Bc4 Bc5 4. c3 Nf6 5. d4 exd4 6. cxd4 Bb4+ 7. Nc3 Nxe4 8. O-O Bxc3 9. d5 Ne5 10. Bd3 O-O 11. Bxe4 Nxf3+ 12. Qxf3 Bf6 13. Qh5 g6 14. Qf3 d6 15. Bh6 Bg7 16. Bxg7 Kxg7 17. Rfe1 Qf6 18. Qxf6+ Kxf6 19. Rac1 Rd8 20. Rxc7 Rd7 21. Rec1 Rxc7 22. Rxc7 b6 23. g3 Ba6 24. Rd7 Ke5 25. Bg2 Rc8 26. h4 Rc1+ 27. Kh2 Rc2 28. Rxa7 Bc4 29. Rxf7 Rxb2 30. Rxh7 Rxf2 31. Kg1 Rxa2 32. Rg7 b5 33. Rxg6 b4 34. Rg4 Rc2 35. Re4+ Kf6 36. Re6+ Kf7 37. Rxd6 b3 38. Rb6 b2 39. Be4 Rd2 40. Rb4 Ba2 41. Kf1 Rd1+ 42. Ke2 b1=Q 43. Bxb1 Rxb1 44. Rxb1 Bxb1 45. Ke3 Kf6 46. Kd4 Bf5 47. Kc5 Ke7 48. d6+ Kd7 49. h5 Be4 50. Kd4 Bf5 51. Ke5 Bh7 52. g4 Bc2 53. g5 Bd1 54. h6 Bc2 55. Kf6 Kxd6 56. g6 Bxg6 1-0

[Event "GER-ch Youth-U10 2022"]
[Site "Willingen"]
[Date "2022.06.08"]
[Round "7.20"]
[White "Wolf, Noah"]
[Black "Lanert, Theodor"]
[Result "1-0"]
[ECO "B22"]
[WhiteElo "1073"]
[BlackElo "1306"]
[Annotator "NA RC COMBH"]
[PlyCount "59"]
[EventDate "2022.06.05"]
[EventType "swiss"]
[EventRounds "11"]
[EventCountry "GER"]
[SourceTitle "playchess.com"]
[Source "ChessBase"]
[SourceQuality "1"]
[TimeControl "40/4500+30:900+30"]

1. e4 c5 2. c3 d5 3. exd5 Qxd5 4. d4 Nf6 5. Nf3 Nc6 6. Bd3 Bg4 7. O-O e6 8. Re1 cxd4 9. Bf4 Be7 10. Be2 dxc3 11. Nxc3 Qxd1 12. Raxd1 O-O 13. Ne5 Bxe2 14. Nxc6 Bxd1 15. Nxe7+ Kh8 16. Rxd1 Rfe8 17. Bd6 Rad8 18. Ba3 Nd7 19. Nb5 Nb6 20. Nd6 Rxd6 21. Rxd6 Nc4 22. Rd7 Nxa3 23. bxa3 Rb8 24. f4 g6 25. Kf2 Kg7 26. g4 Kf6 27. h4 e5 28. fxe5+ Kxe5 29. Rd2 Re8 30. Nxg6+ 1-0

[Event "GER-ch Youth-U10 2022"]
[Site "Willingen"]
[Date "2022.06.08"]
[Round "7.21"]
[White "Hagn, Tobias"]
[Black "Rinke, Alexander"]
[Result "1-0"]
[ECO "B13"]
[WhiteElo "1337"]
[BlackElo "1292"]
[Annotator "NA RC COMBH"]
[PlyCount "69"]
[EventDate "2022.06.05"]
[EventType "swiss"]
[EventRounds "11"]
[EventCountry "GER"]
[SourceTitle "playchess.com"]
[Source "ChessBase"]
[SourceQuality "1"]
[TimeControl "40/4500+30:900+30"]

1. e4 c6 2. d4 d5 3. exd5 cxd5 4. Bd3 Nc6 5. c3 Nf6 6. Bf4 Bg4 7. Qb3 Qd7 8. Nd2 e6 9. h3 Bh5 10. Ngf3 Be7 11. O-O O-O 12. Ne5 Nxe5 13. Bxe5 a6 14. Qc2 Bg6 15. Bxg6 hxg6 16. Nf3 Ne4 17. Qd3 b5 18. Bh2 Rac8 19. Ne5 Qb7 20. Rfe1 b4 21. c4 Kh7 22. c5 Bh4 23. g3 Bf6 24. f3 Ng5 25. h4 Bxe5 26. dxe5 Nxf3+ 27. Qxf3 Rxc5 28. Rac1 Rfc8 29. Rxc5 Rxc5 30. g4 Qb6 31. Kh1 Rc2 32. h5 Rxb2 33. Qxf7 gxh5 34. g5 Qf2 35. g6+ 1-0

[Event "GER-ch Youth-U10 2022"]
[Site "Willingen"]
[Date "2022.06.08"]
[Round "7.22"]
[White "Wang, Kaiwen"]
[Black "Schmidt, Jossip"]
[Result "1-0"]
[ECO "B01"]
[WhiteElo "1151"]
[BlackElo "1085"]
[Annotator "NA RC COMBH"]
[PlyCount "75"]
[EventDate "2022.06.05"]
[EventType "swiss"]
[EventRounds "11"]
[EventCountry "GER"]
[SourceTitle "playchess.com"]
[Source "ChessBase"]
[SourceQuality "1"]
[TimeControl "40/4500+30:900+30"]

1. e4 d5 2. exd5 Qxd5 3. Nc3 Qa5 4. Bc4 c6 5. d3 Nf6 6. Bd2 Qc7 7. Qe2 Bf5 8. h3 e6 9. g4 Bg6 10. f4 h6 11. O-O-O Be7 12. Qf3 Bh7 13. Nge2 Nbd7 14. Rdf1 g6 15. Ng3 Bd6 16. Nge4 Nxe4 17. Nxe4 O-O-O 18. Nxd6+ Qxd6 19. Qe3 Qc5 20. Qf3 Rdf8 21. a3 Qd4 22. Bc3 Qc5 23. Bxh8 Rxh8 24. Qe4 g5 25. Qe2 Kb8 26. fxg5 Qxg5+ 27. Kb1 Bg6 28. h4 Qe7 29. Qe3 Rh7 30. h5 Bxh5 31. Rxh5 Rg7 32. Qg3+ Ka8 33. Rxh6 a6 34. Qc7 Rg8 35. Rh7 Rf8 36. Qf4 Qc5 37. Rxf7 Rd8 38. Qc7 1-0

[Event "GER-ch Youth-U10 2022"]
[Site "Willingen"]
[Date "2022.06.08"]
[Round "7.25"]
[White "Classen, Marnin"]
[Black "Leonhardt, Max"]
[Result "1-0"]
[ECO "C92"]
[WhiteElo "1168"]
[BlackElo "1114"]
[Annotator "NA RC COMBH"]
[PlyCount "133"]
[EventDate "2022.06.05"]
[EventType "swiss"]
[EventRounds "11"]
[EventCountry "GER"]
[SourceTitle "playchess.com"]
[Source "ChessBase"]
[SourceQuality "1"]
[TimeControl "40/4500+30:900+30"]

1. e4 e5 2. Nf3 Nc6 3. Bb5 a6 4. Ba4 Nf6 5. O-O b5 6. Bb3 Be7 7. d3 O-O 8. h3 d6 9. Re1 Bb7 10. c3 Na5 11. Bc2 c5 12. d4 cxd4 13. cxd4 exd4 14. Nxd4 h6 15. Nd2 Re8 16. Nf1 Rc8 17. Ng3 Qc7 18. Bf4 Qc5 19. Rc1 Qa7 20. Qd2 Nc6 21. Ndf5 Bf8 22. Nxd6 Bxd6 23. Qxd6 Rcd8 24. Qa3 Ne7 25. Bd6 Ng6 26. Bc5 Qa8 27. Qe3 Nd7 28. Bd4 Nge5 29. b3 Nc6 30. Bb2 Qa7 31. Qxa7 Nxa7 32. f3 Re6 33. Nf5 Nf6 34. Rcd1 Rxd1 35. Rxd1 Bc6 36. Nd4 Rd6 37. e5 Rd8 38. exf6 gxf6 39. Nxc6 Rxd1+ 40. Bxd1 Nxc6 41. Bxf6 Nb4 42. a3 Nd5 43. Bd4 a5 44. a4 bxa4 45. bxa4 f5 46. Bb3 f4 47. Bxd5+ Kf8 48. Bb6 h5 49. Bxa5 h4 50. Bb6 Ke7 51. Bb7 Kd6 52. a5 Kd7 53. a6 Ke6 54. a7 Kd7 55. a8=Q Ke7 56. Qa3+ Kd7 57. Qd3+ Ke6 58. Qe4+ Kd6 59. Qxf4+ Ke6 60. Qxh4 Ke5 61. Qe4+ Kd6 62. h4 Kd7 63. h5 Kd6 64. h6 Kd7 65. h7 Kd6 66. h8=Q Kd7 67. f4 1-0

[Event "GER-ch Youth-U10 2022"]
[Site "Willingen"]
[Date "2022.06.08"]
[Round "7.27"]
[White "Khanbekyan, Aram"]
[Black "Antonius, Richard-Malte"]
[Result "1-0"]
[ECO "B33"]
[WhiteElo "998"]
[BlackElo "1106"]
[Annotator "NA RC COMBH"]
[PlyCount "135"]
[EventDate "2022.06.05"]
[EventType "swiss"]
[EventRounds "11"]
[EventCountry "GER"]
[SourceTitle "playchess.com"]
[Source "ChessBase"]
[SourceQuality "1"]
[TimeControl "40/4500+30:900+30"]

1. e4 c5 2. Nf3 Nc6 3. d4 cxd4 4. Nxd4 Nf6 5. Nc3 e5 6. Ndb5 d6 7. Bg5 h6 8. Bxf6 Qxf6 9. Be2 Qd8 10. O-O Be6 11. Nd5 Bxd5 12. Qxd5 Qc8 13. Qxd6 Qd8 14. Qxd8+ Rxd8 15. Rfd1 Rxd1+ 16. Rxd1 a6 17. Nd6+ Bxd6 18. Rxd6 Nb4 19. Rb6 Nxc2 20. Bxa6 O-O 21. Rxb7 Rd8 22. h3 Rd4 23. Rc7 Nb4 24. Bc4 Rxe4 25. Bxf7+ Kf8 26. a3 Na6 27. Ra7 Nc5 28. b4 Re1+ 29. Kh2 Nd3 30. Bg6 Nxf2 31. Rf7+ Kg8 32. Rxf2 Ra1 33. Rd2 Kf8 34. Rd8+ Ke7 35. Ra8 Kf6 36. Be4 Re1 37. Bf3 e4 38. Bg4 e3 39. Kg3 Rb1 40. Rb8 Ra1 41. b5 Rxa3 42. b6 Rb3 43. b7 Kg6 44. Bf5+ Kxf5 45. Rf8+ Kg6 46. b8=Q Rxb8 47. Rxb8 Kg5 48. Rg8 Kg6 49. Kf3 Kf7 50. Ra8 h5 51. Kxe3 g6 52. g4 h4 53. Rh8 g5 54. Rd8 Kf6 55. Re8 Kf7 56. Re4 Kf6 57. Kd4 Kf7 58. Re1 Kf6 59. Kd5 Kf7 60. Kd6 Kf8 61. Kd7 Kf7 62. Rf1+ Kg6 63. Ke7 Kg7 64. Rf6 Kg8 65. Rg6+ Kh8 66. Kf7 Kh7 67. Rg8 Kh6 68. Rh8# 1-0

[Event "GER-ch Youth-U10 2022"]
[Site "Willingen"]
[Date "2022.06.09"]
[Round "8.1"]
[White "Nezhyvenko, Mykhaylo"]
[Black "Campora, Daniel H."]
[Result "1-0"]
[ECO "B33"]
[WhiteElo "1488"]
[BlackElo "2397"]
[Annotator "TA"]
[PlyCount "89"]
[EventDate "2022.06.05"]
[EventType "swiss"]
[EventRounds "11"]
[EventCountry "GER"]
[SourceTitle "playchess.com"]
[Source "ChessBase"]
[SourceQuality "1"]
[TimeControl "40/4500+30:900+30"]

1. e4 c5 2. Nf3 Nc6 3. d4 cxd4 4. Nxd4 e5 5. Nb5 d6 6. N1c3 a6 7. Na3 Be6 8. Be3 Nf6 9. Be2 {[%emt 0:00:53] B33: Sicilian: Pelikan and Sveshnikov Variations.} (9. Nc4 $142) 9... Be7 10. Nd5 (10. Nc4 $11) 10... O-O ({Don't take} 10... Nxe4 11. Bb6 Qc8 12. Nc7+ Kf8 13. Nxa8 Qxa8 14. Bc4 $14) (10... Nxd5 $17 11. exd5 Qa5+ 12. c3 Qxd5 13. Qxd5 Bxd5) 11. Nxf6+ {[%emt 0:01:51] The position is equal.} Bxf6 12. Nc4 {[%emt 0:00:12] [#]} Bxc4 $146 (12... Nd4 $15) ({Predecessor:} 12... Be7 13. O-O f5 14. exf5 Bxf5 15. Bd3 Rb8 16. Bb6 Qd7 17. Bxf5 Rxf5 18. Bc5 Rf6 {0-1 (27) Pozo Vinuesa,A (1414)-Paz Mendez,G Tenerife 2013}) 13. Bxc4 $14 Bg5 14. Qd2 Bxe3 15. fxe3 (15. Qxe3 $11 Nd4 16. Qd3) 15... Qh4+ $15 16. Qf2 (16. g3 $11 {keeps the balance.} Qxe4 17. Bd5) 16... Qxe4 $17 17. Bd3 Qg4 18. h3 Qg5 19. O-O-O Rac8 20. Bf5 Rc7 (20... Rcd8 $15) 21. Rxd6 $11 g6 22. Be4 Rfc8 23. Kb1 Qe7 24. Rd2 Na5 25. Bd5 b5 26. Rhd1 Nc4 27. Bxc4 bxc4 (27... Rxc4 $11 {deserves consideration.} 28. g4 b4) 28. c3 $14 a5 29. Rd5 Ra7 30. Qg3 Rc5 31. Rd8+ Kg7 32. Qg4 (32. a4 $16) 32... f5 33. Qf3 e4 34. Qf4 Rcc7 35. g4 {[%emt 0:01:18] White is much more active.} ({White should try} 35. R1d4 $16) 35... Rd7 $11 36. R8xd7 {[%emt 0:17:27] Chess con chili.} Rxd7 {[%emt 0:00:17][%mdl 4096] Endgame KQR-KQR} 37. Rf1 Rd5 38. Kc1 a4 39. a3 Qd7 40. Qf2 Rb5 41. h4 Qf7 42. h5 {[%emt 0:00:21] Threatens to win with hxg6.} Rd5 $2 {[%emt 0:02:53] [#]} (42... g5 $1 $11) 43. hxg6 $1 $16 hxg6 44. Qh4 ({White should play} 44. Rh1 $18) 44... Rd8 $2 45. Qxd8 {[%emt 0:00:08] Weighted Error Value: White=0.23 (precise) /Black=0.33} 1-0

[Event "GER-ch Youth-U10 2022"]
[Site "Willingen"]
[Date "2022.06.09"]
[Round "8.2"]
[White "Bundan, Edward"]
[Black "Zhang, Yibo"]
[Result "0-1"]
[ECO "C54"]
[WhiteElo "1240"]
[BlackElo "1436"]
[Annotator "NA RC COMBH"]
[PlyCount "118"]
[EventDate "2022.06.05"]
[EventType "swiss"]
[EventRounds "11"]
[EventCountry "GER"]
[SourceTitle "playchess.com"]
[Source "ChessBase"]
[SourceQuality "1"]
[TimeControl "40/4500+30:900+30"]

1. e4 e5 2. Nf3 Nc6 3. Bc4 Bc5 4. c3 Nf6 5. d3 a6 6. h3 Ba7 7. Bb3 d6 8. Nbd2 Be6 9. Nf1 Qd7 10. Bg5 O-O-O 11. Qc2 h6 12. Bxf6 gxf6 13. Ng3 d5 14. O-O-O Na5 15. Rhf1 Nxb3+ 16. axb3 Rhg8 17. Kb1 Qe7 18. Nh4 dxe4 19. dxe4 Qc5 20. Nh5 Rxd1+ 21. Qxd1 Rd8 22. Qc2 Qb5 23. c4 Qb4 24. Nf3 Qe7 25. g4 Rd7 26. Rg1 Qd8 27. Rg3 c6 28. Rg1 Kb8 29. Ka2 b5 30. Rc1 Rd3 31. Ng1 Rd2 32. Qc3 Rxf2 33. cxb5 cxb5 34. Qc6 Bd4 35. Rc2 Rxc2 36. Qxc2 Bxg1 37. Qc6 Qd7 38. Qxa6 Qa7 39. Qxa7+ Kxa7 40. Nxf6 b4 41. Nh5 Kb6 42. Ng3 Kc5 43. Ne2 Bf2 44. Kb1 Bxb3 45. Nc1 Bc4 46. b3 Bb5 47. Kc2 Kd4 48. Na2 Be1 49. Kd1 Bc3 50. Kc2 Bd3+ 51. Kd1 Kxe4 52. h4 Kf4 53. g5 e4 54. gxh6 e3 55. Nxc3 bxc3 56. b4 e2+ 57. Ke1 Ke3 58. h7 Bxh7 59. b5 c2 0-1

[Event "GER-ch Youth-U10 2022"]
[Site "Willingen"]
[Date "2022.06.09"]
[Round "8.3"]
[White "Kateryniuk, Ivan"]
[Black "Dotschuweit, Erik"]
[Result "0-1"]
[ECO "C45"]
[WhiteElo "1187"]
[BlackElo "1323"]
[Annotator "NA RC COMBH"]
[PlyCount "48"]
[EventDate "2022.06.05"]
[EventType "swiss"]
[EventRounds "11"]
[EventCountry "GER"]
[SourceTitle "playchess.com"]
[Source "ChessBase"]
[SourceQuality "1"]
[TimeControl "40/4500+30:900+30"]

1. e4 e5 2. Nf3 Nc6 3. d4 exd4 4. Nxd4 Bc5 5. Be3 Qf6 6. Nb5 Bxe3 7. fxe3 Qh4+ 8. g3 Qd8 9. Qg4 g6 10. Qf4 d6 11. Bc4 Ne5 12. O-O Bh3 13. Bxf7+ Kd7 14. Rf2 g5 15. Qxe5 dxe5 16. Rd2+ Ke7 17. Rxd8 Rxd8 18. Bc4 Rd1+ 19. Kf2 Nh6 20. Ke2 Bg4+ 21. Kf2 Rf8+ 22. Kg2 Bf3+ 23. Kh3 Rh1 24. g4 Rg1 0-1

[Event "GER-ch Youth-U10 2022"]
[Site "Willingen"]
[Date "2022.06.09"]
[Round "8.4"]
[White "Rau, Eduard"]
[Black "Shen, Tingrui"]
[Result "0-1"]
[ECO "B28"]
[WhiteElo "1406"]
[BlackElo "1621"]
[Annotator "NA RC COMBH"]
[PlyCount "72"]
[EventDate "2022.06.05"]
[EventType "swiss"]
[EventRounds "11"]
[EventCountry "GER"]
[SourceTitle "playchess.com"]
[Source "ChessBase"]
[SourceQuality "1"]
[TimeControl "40/4500+30:900+30"]

1. e4 c5 2. Nf3 a6 3. d4 cxd4 4. Qxd4 Nc6 5. Qe3 g6 6. Nc3 Bg7 7. Nd5 Nf6 8. c3 O-O 9. Bd3 d6 10. O-O b5 11. Qe2 Bg4 12. Bf4 Nxd5 13. exd5 Ne5 14. Bxe5 Bxf3 15. Qxf3 Bxe5 16. Qe3 Qc7 17. f4 Bf6 18. Kh1 Qc5 19. Qf3 a5 20. a3 b4 21. cxb4 axb4 22. Rfc1 Qa5 23. Qe2 bxa3 24. Rxa3 Qb4 25. Rca1 Rxa3 26. bxa3 Qxf4 27. Rb1 Qa4 28. Qa2 Rc8 29. g3 Rc3 30. Qd2 Qd4 31. Qh6 Qxd5+ 32. Kg1 Bd4+ 33. Kf1 Qf3+ 34. Ke1 Bf2+ 35. Kf1 Be3+ 36. Ke1 Qf2+ 0-1

[Event "GER-ch Youth-U10 2022"]
[Site "Willingen"]
[Date "2022.06.09"]
[Round "8.5"]
[White "Fischermann, Simon"]
[Black "Li, Yunqi"]
[Result "0-1"]
[ECO "E21"]
[WhiteElo "1344"]
[BlackElo "1312"]
[Annotator "NA RC COMBH"]
[PlyCount "100"]
[EventDate "2022.06.05"]
[EventType "swiss"]
[EventRounds "11"]
[EventCountry "GER"]
[SourceTitle "playchess.com"]
[Source "ChessBase"]
[SourceQuality "1"]
[TimeControl "40/4500+30:900+30"]

1. d4 Nf6 2. c4 e6 3. Nc3 Bb4 4. Bd2 b6 5. Nf3 Bb7 6. e3 O-O 7. Bd3 d6 8. a3 Bxc3 9. Bxc3 Ne4 10. Qc2 f5 11. Bxe4 Bxe4 12. Qe2 Nd7 13. O-O Nf6 14. Nd2 Bb7 15. f3 c5 16. b3 Re8 17. h3 Qc7 18. dxc5 dxc5 19. Bxf6 gxf6 20. e4 f4 21. Rfd1 Kh8 22. Nf1 Re7 23. Rd2 Rg8 24. Rad1 Bc8 25. Rd6 Reg7 26. Nh2 h5 27. Qf2 Qf7 28. R1d2 Rg3 29. Kh1 e5 30. Rd8 R3g5 31. Qf1 Kh7 32. Qd1 Kh6 33. Rxg8 Rxg8 34. Rd8 Be6 35. Rxg8 Qxg8 36. Qd6 Qf7 37. Nf1 Kg6 38. Nd2 Qd7 39. Qxd7 Bxd7 40. b4 Ba4 41. Kg1 Kf7 42. Kf2 Ke6 43. Ke2 Bc2 44. Nf1 f5 45. exf5+ Bxf5 46. Nd2 Kd6 47. Ne4+ Bxe4 48. fxe4 cxb4 49. axb4 a5 50. g4 fxg3 0-1

[Event "GER-ch Youth-U10 2022"]
[Site "Willingen"]
[Date "2022.06.09"]
[Round "8.6"]
[White "Rodriguez Klasen, Ennio"]
[Black "Zimmer, Tim"]
[Result "1-0"]
[ECO "C22"]
[WhiteElo "1315"]
[BlackElo "1164"]
[Annotator "NA RC COMBH"]
[PlyCount "71"]
[EventDate "2022.06.05"]
[EventType "swiss"]
[EventRounds "11"]
[EventCountry "GER"]
[SourceTitle "playchess.com"]
[Source "ChessBase"]
[SourceQuality "1"]
[TimeControl "40/4500+30:900+30"]

1. e4 e5 2. d4 exd4 3. Qxd4 Nc6 4. Qe3 b6 5. Nc3 Bb7 6. Bd2 Bd6 7. O-O-O Qf6 8. f4 Qg6 9. f5 Qg4 10. Be2 Qh4 11. Nf3 Qh6 12. Nb5 Nf6 13. Nxd6+ cxd6 14. Qd3 Qh5 15. Ng5 Ne5 16. Qxd6 Qxe2 17. Qxe5+ Kf8 18. Qd6+ Kg8 19. e5 Ne4 20. Qxd7 Nxg5 21. Bxg5 h6 22. Qxb7 Kh7 23. h4 Rac8 24. Rd2 Qc4 25. Qd5 Qa4 26. Qxf7 Rc4 27. Bxh6 Rg8 28. Qg6+ Kh8 29. f6 gxf6 30. Qxf6+ Kh7 31. Qf7+ Kh8 32. a3 Rc6 33. Bg5 Qe4 34. Bf6+ Rxf6 35. Qxf6+ Rg7 36. Rd7 1-0

[Event "GER-ch Youth-U10 2022"]
[Site "Willingen"]
[Date "2022.06.09"]
[Round "8.7"]
[White "Fischer, Quirin"]
[Black "Stehning, Toni"]
[Result "1-0"]
[ECO "C56"]
[WhiteElo "1195"]
[BlackElo "1097"]
[Annotator "NA RC COMBH"]
[PlyCount "101"]
[EventDate "2022.06.05"]
[EventType "swiss"]
[EventRounds "11"]
[EventCountry "GER"]
[SourceTitle "playchess.com"]
[Source "ChessBase"]
[SourceQuality "1"]
[TimeControl "40/4500+30:900+30"]

1. e4 e5 2. Nf3 Nc6 3. Bc4 Nf6 4. d4 exd4 5. O-O Nxe4 6. Re1 d5 7. Bxd5 Qxd5 8. Nc3 Qd7 9. Nxe4 Be7 10. Bh6 O-O 11. Bg5 Bb4 12. Re2 b6 13. a3 Bd6 14. Nxd6 Qxd6 15. b4 f6 16. Bh4 Bb7 17. Bg3 Qd7 18. b5 Ne5 19. Nxe5 fxe5 20. Bxe5 Rad8 21. Qd3 Qg4 22. Qg3 Qxg3 23. Bxg3 Rfe8 24. Rae1 Rxe2 25. Rxe2 c5 26. f3 Bd5 27. Re7 Bc4 28. Rxa7 Bxb5 29. Rb7 d3 30. cxd3 Bxd3 31. Rxb6 Rc8 32. Be5 c4 33. Rb8 Rxb8 34. Bxb8 Bc2 35. Kf2 Bb3 36. Be5 Kf7 37. Ke3 g6 38. Kd4 Ke6 39. f4 Kf5 40. h3 h5 41. Kc5 Ke4 42. Kd6 c3 43. Bxc3 Kxf4 44. Kc5 Kg3 45. Kb4 Bd1 46. a4 Bxa4 47. Kxa4 Kxg2 48. h4 Kg3 49. Bf6 Kf4 50. Kb4 Kf5 51. Bg5 1-0